 Dungeon Crawl Stone Soup version 0.18.1-2-ga659475 (webtiles) character file.

678 dobroeutro the Chopper (level 7, -1/52 HPs)
             Began as a Demonspawn Fighter on May 8, 2016.
             Was a Follower of Okawaru.
             Killed from afar by an orc wizard (3 damage)
             ... with a magic dart
             ... on level 5 of the Dungeon.
             The game lasted 00:07:40 (4812 turns).

dobroeutro the Chopper (Demonspawn Fighter)         Turns: 4812, Time: 00:07:41

Health: -1/52      AC:  8    Str: 18    XL:     7   Next: 34%
Magic:  7/7        EV:  9    Int: 10    God:    Okawaru [*.....]
Gold:   219        SH:  8    Dex: 12    Spells: 0 memorised, 6 levels left

rFire  . . .     SeeInvis .     a - +0 war axe
rCold  . . .     Gourm    .     b - +0 scale mail
rNeg   . . .     Faith    .     c - +0 shield
rPois  .         Spirit   .     (no helmet)
rElec  .         Dismiss  .     q - +0 cloak
rCorr  .         Reflect  .     h - +0 pair of gloves
SustAt .         Harm     .     (no boots)
MR     .....                    (no amulet)
Stlth  ..........               (no ring)
                                B - ring of loudness (curse)

@: lethally poisoned (-1 -> -21), not resistant to hostile enchantments,
extremely unstealthy
A: hooves 1, repulsion field 1
a: Heroism, Renounce Religion


You were on level 5 of the Dungeon.
You worshipped Okawaru.
Okawaru was aware of your devotion.
You were not hungry.

You visited 1 branch of the dungeon, and saw 5 of its levels.

You collected 219 gold pieces.

Inventory:

Hand Weapons
 a - a +0 war axe (weapon)
 g - the +7 Sceptre of Torment
   (You found it on level 4 of the Dungeon)
Armour
 b - a +0 scale mail (worn)
 c - a +0 shield (worn)
 h - a +0 pair of gloves (worn)
 q - a +0 cloak (worn)
Jewellery
 x - an uncursed ring of fire
 B - a cursed ring of loudness (left hand)
Wands
 s - a wand of iceblast (8/15)
 u - a wand of flame (23/48)
Scrolls
 e - 11 scrolls of identify {unknown}
 i - a scroll of noise {unknown}
 k - 2 scrolls of magic mapping {unknown}
 o - a scroll of amnesia {unknown}
 p - a scroll of immolation {unknown}
 t - 8 scrolls of teleportation {unknown}
 y - 2 scrolls of random uselessness {unknown}
 z - 2 scrolls of remove curse {unknown}
 A - a scroll of blinking {unknown}
Potions
 d - a potion of might
 l - a potion of haste
 n - a potion of agility
 C - a potion of brilliance {unknown}
 D - 2 potions of curing {unknown}
 E - a potion of lignification {unknown}
 F - a potion of degeneration {unknown}
Comestibles
 f - 2 bread rations
 j - 3 beef jerkies
 m - 2 chunks of flesh
 v - a meat ration


   Skills:
 - Level 3.0 Fighting
 + Level 7.6 Axes
 - Level 2.6 Armour
 - Level 2.6 Shields


You had 6 spell levels left.
You didn't know any spells.

Dungeon Overview and Level Annotations

Branches:
Dungeon (5/15)
 Temple: D:4-7

Altars:
Dithmenos
Elyvilon
Fedhas
Okawaru
Qazlal


Innate Abilities, Weirdness & Mutations

You have large cloven feet.
You are surrounded by a mild repulsion field (EV +2).


Message History

You are too injured to fight recklessly!
You slash the giant frog skeleton!
You kick the giant frog skeleton, but do no damage.
You hit something but do no damage.
* * * LOW HITPOINT WARNING * * *
You feel very sick. The giant frog skeleton hits you.
* * * LOW HITPOINT WARNING * * *
Something hits you but does no damage. The giant frog skeleton hits you.
* * * LOW HITPOINT WARNING * * *
You slash the giant frog skeleton!
You destroy the giant frog skeleton!
Okawaru accepts your kill.
You miss something.
* * * LOW HITPOINT WARNING * * *
You feel sick.
You hear some strange, mumbled words.
A magic dart appears from out of thin air!
The magic dart hits you!
You die...

..$
####################''###########
≈≈≈≈≈≈≈≈≈≈≈≈≈≈≈≈≈≈≈.....≈≈≈≈≈≈≈≈≈
≈≈≈≈≈≈≈≈≈≈≈≈≈≈≈≈≈≈≈.....≈≈≈≈≈≈≈≈≈
≈≈≈≈≈≈≈≈≈≈≈≈≈≈≈≈≈≈≈....≈≈≈≈≈≈≈≈≈≈
≈.≈≈≈≈.≈≈≈≈≈≈≈.≈≈≈≈.(...≈≈≈≈≈≈...
..................(..............
...............)))...............
.######........)@########..###...
...>..........(..................
.##.....##.#....#....#.###.##....
.##....###.#...<..#.##...#.##....
..#....##............[##.#.##....
..#............####.#....#.##....
................<......###.##....
..##............###....# #....#..
..####....##....# #....# #..#####


There were no monsters in sight!

Vanquished Creatures
  Eustachio (D:5)
  A phantom (D:4)
  A scorpion (D:5)
  A crimson imp (D:4)
  A giant frog zombie (D:5)
  An orc wizard (D:5)
  Crazy Yiuf (D:5)
  2 giant frog skeletons (D:5)
  2 worker ants
  A hound zombie (D:5)
  3 gnolls (D:4)
  A howler monkey skeleton (D:4)
  3 adders (D:3)
  2 oozes
  2 worms
  A dart slug (D:1)
  4 giant geckos
  4 orcs
  5 ball pythons
  4 bats
  5 giant cockroaches
  8 goblins
  11 hobgoblins
  4 jackals (D:3)
  2 quokkas
  A jackal skeleton (D:4)
  7 kobolds
  A rat (D:1)
80 creatures vanquished.

Notes
Turn   | Place    | Note
--------------------------------------------------------------
     0 | D:1      | dobroeutro the Demonspawn Fighter began the quest for the Orb.
     0 | D:1      | Reached XP level 1. HP: 18/18 MP: 1/1
    56 | D:1      | Reached skill level 2 in Axes
    88 | D:1      | Gained mutation: You have large cloven feet. [demonic ancestry]
    88 | D:1      | Reached XP level 2. HP: 21/24 MP: 2/2
   256 | D:1      | Reached skill level 3 in Axes
   567 | D:1      | Reached XP level 3. HP: 29/29 MP: 3/3
  2021 | D:3      | Reached XP level 4. HP: 30/35 MP: 4/4
  2064 | D:3      | Reached skill level 4 in Axes
  3301 | D:4      | Reached XP level 5. HP: 41/41 MP: 5/5
  3329 | D:4      | Found an iron altar of Okawaru.
  3329 | D:4      | Found a blossoming altar of Fedhas.
  3330 | D:4      | Found a white marble altar of Elyvilon.
  3336 | D:4      | Became a worshipper of Warmaster Okawaru
  3496 | D:4      | Reached skill level 5 in Axes
  3509 | D:4      | Noticed a phantom
  3539 | D:4      | Killed a phantom
  3580 | D:4      | Found a shadowy altar of Dithmenos.
  3634 | D:4      | Found a stormy altar of Qazlal.
  3834 | D:5      | Entered Level 5 of the Dungeon
  3850 | D:5      | Noticed Eustachio
  3866 | D:5      | Gained mutation: You are surrounded by a mild repulsion field (EV +2). [demonic ancestry]
  3866 | D:5      | Reached XP level 6. HP: 36/47 MP: 6/6
  3868 | D:5      | Reached skill level 6 in Axes
  3945 | D:5      | Killed Eustachio
  3945 | D:5      | Reached * piety under Okawaru
  4264 | D:5      | Reached skill level 7 in Axes
  4264 | D:5      | Reached XP level 7. HP: 16/52 MP: 7/7
  4686 | D:5      | Noticed Crazy Yiuf
  4694 | D:5      | Killed Crazy Yiuf
  4812 | D:5      | HP: 2/52 [poisoned by an orc]
  4812 | D:5      | Killed from afar by an orc wizard

Skill      XL: |  1  2  3  4  5  6 |
---------------+-------------------+-----
Axes           | 2 3 4 5 7 |  7.6
Fighting       | |  3.0
Armour         | |  2.6
Shields        | |  2.6

Action                   |  1- 3 |  4- 6 |  7- 9 || total
-------------------------+-------+-------+-------++-------
Melee: War axe           |   116 |   154 |    43 ||   313
       Kick              |    24 |    39 |    11 ||    74
       Staff             |       |     5 |       ||     5
  Use: Potion            |       |     4 |       ||     4
  Eat: Bread ration      |     1 |       |     1 ||     2
       Royal jelly       |       |     1 |       ||     1
       Chunk             |       |     1 |       ||     1
       Pizza             |       |     1 |       ||     1
Armor: Scale mail        |    63 |   110 |    19 ||   192
Dodge: Dodged            |    30 |    75 |    19 ||   124
Block: Shield            |    51 |   104 |    30 ||   185
